 Dungeon Crawl Stone Soup version 0.30-a0-830-gfe289a77b0 (webtiles) character file.

Game seed: 4951703404629425170

100 dolemite99 the Fighter (level 4, -2/57 HPs)
             Began as a Hill Orc Fighter on Feb 28, 2023.
             Slain by a gnoll
             ... wielding a +0 halberd
              (10 damage)
             ... on level 2 of the Dungeon.
             The game lasted 00:01:33 (1251 turns).

dolemite99 the Fighter (Hill Orc Fighter)           Turns: 1251, Time: 00:01:34

Health: -2/57      AC:  6    Str: 20    XL:     4   Next: 74%
Magic:  4/4        EV:  9    Int:  8    God:
Gold:   115        SH:  4    Dex: 10    Spells: 3/3 levels left

rFire   . . .      SeeInvis .    a - +0 war axe
rCold   . . .      Faith    .    c - +0 buckler
rNeg    . . .      Spirit   .    b - +0 scale mail
rPois   .          Reflect  .    (no helmet)
rElec   .          Harm     .    (no cloak)
rCorr   .          Rampage  .    (no gloves)
Will    .....                    (no boots) Stlth
                                 (no amulet)
HPRegen 0.29/turn                (no ring)
MPRegen 0.09/turn                (no ring)

@: mighty, brilliant
A: no striking features
a: no special abilities


You were on level 2 of the Dungeon.
You visited 1 branch of the dungeon, and saw 2 of its levels.

You collected 115 gold pieces.

Inventory:

Hand Weapons
 a - a +0 war axe (weapon)
 g - a +1 short sword of venom
Armour
 b - a +0 scale mail (worn)
 c - a +0 buckler (worn)
Jewellery
 f - an amulet of faith
 h - the ring "Qosid" {rPois Str+2 Int+4}
   (You acquired it on level 2 of the Dungeon)

   [ring of poison resistance]

   Str:       It affects your strength (+2).
   Int:       It affects your intelligence (+4).
   rPois:     It protects you from poison.


   Skills:
 - Level 12.9 Fighting
 + Level 5.2 Axes
 - Level 3.2 Armour
 - Level 3.2 Shields


You had 3 spell levels left.
You didn't know any spells.
Your spell library contained the following spells:

 Spells                   Type           Power      Damage    Failure   Level
 Beastly Appendage        Tmut           0%         N/A       85%         1
 Wereblood                Tmut           0%         N/A       94%         2
 Spider Form              Tmut/Pois      0%         N/A       99%         3


Dungeon Overview and Level Annotations

Branches:
Dungeon (2/15)

Altars:


Message History

You block the gnoll's attack. The gnoll barely misses you.
The gnoll hits you but does no damage. The gnoll completely misses you.
It was a potion of experience.
You feel more experienced!
Your Fighting skill gained 9 levels and is now at level 12!
You have reached level 4!
The gnoll barely misses you. The gnoll closely misses you.
The gnoll hits you but does no damage.
The gnoll hits you from afar with a +0 halberd!
* * * LOW HITPOINT WARNING * * *
The gnoll attacks as you move away! The gnoll hits you with a +0 club.
* * * LOW HITPOINT WARNING * * *
The gnoll attacks as you move away! The gnoll hits you but does no damage.
It was a potion of curing.
You feel better.
It was a potion of brilliance.
You feel clever all of a sudden.
You feel very mighty all of a sudden.
You slash the gnoll!
The gnoll is severely wounded.
You slash the gnoll! The gnoll hits you but does no damage.
You block the gnoll's attack.
You slash the gnoll!
You kill the gnoll!
You slash the gnoll!
You kill the gnoll!
You block the gnoll's attack. The gnoll hits you with a +0 halberd.
You hit the gnoll.
The gnoll is moderately wounded.
You slash the gnoll! The gnoll barely misses you.
The gnoll hits you with a +0 halberd!
* * * LOW HITPOINT WARNING * * *
You closely miss the gnoll.
The gnoll is moderately wounded.
You hit the gnoll. The gnoll hits you but does no damage.
The gnoll closely misses you.
You slash the gnoll!
The gnoll is almost dead.
You closely miss the gnoll. The gnoll hits you but does no damage.
The gnoll hits you with a +0 halberd!
You die...

..#
#.....#...##....##.#
..#
#######...##.......#
..#
................###
..#
.####....#g####.#
### ......#g# .#
.##.##.#.# .# # ...
#.#.# .# ### #g#.#
.# #@#.# .# #.g.# .#
#####


You could see 2 gnolls.

Vanquished Creatures
  2 gnolls (D:2)
  A worm (D:2)
  4 dart slugs
  2 endoplasms (D:1)
  A goblin (D:1)
  5 hobgoblins
  3 jackals (D:1)
  A ball python (D:1)
  3 frilled lizards (D:1)
  4 kobolds
  2 rats
28 creatures vanquished.

Notes
Turn   | Place    | Note
-------+----------+-------------------------------------------
     0 | D:1      | dolemite99 the Hill Orc Fighter began the quest for the
                  | Orb.
     0 | D:1      | Reached XP level 1. HP: 19/19 MP: 1/1
   169 | D:1      | Reached XP level 2. HP: 26/26 MP: 2/2
   995 | D:1      | Reached XP level 3. HP: 31/31 MP: 3/3
  1182 | D:2      | Reached skill level 5 in Axes
  1226 | D:2      | Identified a scroll of acquirement
  1226 | D:2      | Acquired the ring "Qosid" {rPois Str+2 Int+4}
  1228 | D:2      | Reached skill level 12 in Fighting
  1228 | D:2      | Reached XP level 4. HP: 15/57 MP: 4/4
  1251 | D:2      | Slain by a gnoll

Illustrated notes

Levels and vault maps discovered:
D:1:      dpeg_arrival_brainrot, layout_basic
D:2:      layout_basic, uniq_jessica

Skill      XL: |  1  2  3 |
---------------+----------+-----
Axes           | 3 4 5 |  5.2
Fighting       | 12 | 12.9
Armour         | |  3.2
Shields        | |  3.2

Action                     |  1- 3 |  4- 6 || total
---------------------------+-------+-------++-------
  Melee: War axe           |    78 |     5 ||    83
    Use: Potion            |     1 |     3 ||     4
         Scroll            |     1 |       ||     1
 Armour: Scale mail        |    40 |     5 ||    45
  Dodge: Dodged            |    36 |     4 ||    40
  Block: Buckler           |    17 |     2 ||    19

Table legend: (Time is in decaauts)
 A = Elapsed time spent in this place.
 B = Non-inter-level travel time spent in this place.
 C = Inter-level travel time spent in this place.
 D = Time resting spent in this place.
 E = Time spent auto-exploring this place.
 F = Levels seen in this place.
 G = Mean time per level.
                   A        B        C        D        E       F      G
               +--------+--------+--------+--------+--------+-----+--------+
         Total |   1277 |   1243 |     34 |    295 |    687 |   2 |  638.5 |
       Dungeon |   1277 |   1243 |     34 |    295 |    687 |   2 |  638.5 |
               +--------+--------+--------+--------+--------+-----+--------+

Top non-repeatable levels by time:
     D:1: 1126 daAuts
     D:2: 150 daAuts
